 Dungeon Crawl Stone Soup version 0.31-a0-4-gefa6de2278 (webtiles) character file.

Game seed: 12147096478261438853

210 M4edhros the Insei (level 5, 0/33 HPs)
             Began as an Octopode Artificer on May 4, 2023.
             Was an Initiate of Cheibriados.
             Succumbed to a scorpion's poison
             ... on level 5 of the Dungeon.
             The game lasted 00:02:35 (1377 turns).

M4edhros the Insei (Octopode Artificer)             Turns: 1377, Time: 00:02:35

Health: 0/33       AC:  1    Str: 12    XL:     5   Next: 87%
Magic:  5/5        EV: 13    Int: 15    God:    Cheibriados [......]
Gold:   115        SH:  0    Dex: 15    Spells: 4/4 levels left

rFire   . .          .
                       - Unarmed
rCold   . . .        (no shield)
rNeg    . . .        (helmet restricted)
rPois   .            (no amulet)
rElec   .            (no ring)
rCorr   .            (no ring)
SInv    .            (no ring)
Will    .....        (no ring)
Stlth   +++          (no ring)
HPRegen 0.25/turn    (no ring)
MPRegen 0.09/turn    (no ring)
                     (no ring)

%: no passive effects
@: lethally poisoned (0 -> -1), very slow
A: almost no armour, amphibious, 8 rings, camouflage 1, gelatinous body 1,
(nimble swimmer 1), tentacles
a: Renounce Religion


You were on level 5 of the Dungeon.
You worshipped Cheibriados.
Cheibriados was noncommittal.
You visited 2 branches of the dungeon, and saw 6 of its levels.

You collected 115 gold pieces.

Inventory:

Missiles
 m - 6 javelins
Jewellery
 a - a ring of willpower
Wands
 b - a wand of flame (15) (quivered)
 c - a wand of charming (8)
 d - a wand of iceblast (5)
Scrolls
 e - a scroll of teleportation {unknown}
 f - a scroll of enchant weapon {unknown}
 i - a scroll of fog {unknown}
 j - a scroll of silence {unknown}
 k - a scroll of identify {unknown}
 l - a scroll of poison {unknown}
 n - a scroll of blinking {unknown}


   Skills:
 - Level 1.0 Fighting
 - Level 2.3 Dodging
 - Level 1.3 Stealth
 + Level 5.4 Unarmed Combat
 - Level 3.2 Evocations


You had 4 spell levels left.
You didn't know any spells.
Your spell library contained the following spells:

 Spells                   Type           Power      Damage    Failure   Level
 Ozocubu's Armour         Ice            0%         N/A       63%         3
 Metabolic Englaciation   Hex/Ice        0%         N/A       100%        5
 Simulacrum               Ice/Necr       0%         N/A       100%        6


Dungeon Overview and Level Annotations

Branches:
Dungeon (5/15)             Temple (1/1) D:5

Altars:
Cheibriados
Dithmenos
Elyvilon
Fedhas
Makhleb
Nemelex Xobeh
Xom

Annotations:
D:5 Grinder


Innate Abilities, Weirdness & Mutations

You cannot wear most types of armour.
You are amphibious.
You can wear up to eight rings at the same time.
Your skin changes colour to match your surroundings (Stealth+).
Your rubbery body absorbs attacks. (AC +1, EV +1)
((You are camouflaged when in or above water. (Stealth+)))
You have tentacles for arms and can constrict up to eight enemies at once.


Message History

You aren't carrying any potions.
Grinder comes into view.
You feel sick.
The orc dies!
Cheibriados appreciates the change of pace.
The centaur shoots an arrow.
The arrow hits your scorpion!
Your scorpion dies!
Your adder barely misses the centaur.
Aiming: Charm
Press: ? - help, Shift-Dir - straight line, f - centaur
Aim: a centaur, wielding a +0 shortbow (ally target, chance to affect: 57%)
The centaur is charmed.
You hear the hiss of a distant avalanche of sand.
You feel sick.
Grinder shouts!
The orc throws a boomerang.
The boomerang hits you but does no damage.
You feel sick. What are your orders? t - Shout!
Orders for allies: a - Attack new target. p - Attack previous target. r - Retreat! s - Stop attacking. g - Guard the area. f - Follow me.
Anything else - Cancel.
Guard this area!
Your adder bites the orc.
The orc closely misses your adder.
You feel sick.
Your adder misses the orc.
Your centaur shoots an arrow.
The orc hits your adder with a +0 dagger.
Your adder bites the orc.
Your centaur shoots an arrow.
The arrow closely misses Grinder.
You swap places.
You feel sick. The orc hits you with a +0 dagger.
* * * LOW HITPOINT WARNING * * *
Your centaur shoots an arrow.
The arrow hits Grinder!
The orc completely misses you.
Things that are here:
a +0 whip; a scorpion corpse; an orc corpse Unknown command.
You closely miss the orc. Your grab misses the orc. You squeeze the orc.
You kill the orc!
Cheibriados thoroughly appreciates the change of pace.
You die...

.....~~§§~.##.####
#~§§§~~~......#
#~§§>~~~......#
#######~~§~§~~......#
.##.......~~§~~..<.....
.5.....#...~~~........#
.##5c....##........#
#S#.##.###.......#
###@#.##.# ###...###
#.###.).))##.# #...#
#.......####.# #...#
...###.#)# #.# #..( .
#.#.. ..# #.#... .#.
....... #....?..
#.......#


You could see Grinder (ally target), a friendly centaur (charmed) and a friendly
adder (charmed, unaware).

Vanquished Creatures
  A centaur (D:5)
  An orc wizard (D:3)
  4 adders
  A gnoll (D:1)
  2 ufetubi (D:5)
  10 orcs
  3 endoplasms
  A giant cockroach (D:1)
  5 goblins
  A hobgoblin (D:1)
  2 quokkas
  2 ball pythons
  5 bats
  3 rats (D:1)
41 creatures vanquished.

Vanquished Creatures (collateral kills)
  An orc (D:5)
1 creature vanquished.

Vanquished Creatures (others)
  A scorpion (D:5)
1 creature vanquished.

Grand Total: 43 creatures vanquished

Notes
Turn   | Place    | Note
-------+----------+-------------------------------------------
     0 | D:1      | M4edhros the Octopode Artificer began the quest for the
                  | Orb.
     0 | D:1      | Reached XP level 1. HP: 13/13 MP: 1/1
    35 | D:1      | Found a faded altar of an unknown god.
   151 | D:1      | Reached skill level 1 in Unarmed Combat
   236 | D:1      | Reached skill level 2 in Unarmed Combat
   236 | D:1      | Reached XP level 2. HP: 13/18 MP: 2/2
   494 | D:3      | Reached XP level 3. HP: 13/23 MP: 3/3
   588 | D:3      | Found a white marble altar of Elyvilon.
   593 | D:3      | Found a shimmering altar of Xom.
   612 | D:3      | Reached skill level 3 in Unarmed Combat
   819 | D:3      | Reached XP level 4. HP: 16/26 MP: 4/4
   955 | D:3      | Reached skill level 4 in Unarmed Combat
  1072 | D:5      | Entered Level 5 of the Dungeon
  1199 | D:5      | Noticed a centaur
  1207 | D:5      | Killed a centaur
  1208 | D:5      | Reached skill level 5 in Unarmed Combat
  1208 | D:5      | Reached XP level 5. HP: 15/33 MP: 5/5
  1311 | D:5      | Found a staircase to the Ecumenical Temple.
  1328 | Temple   | Entered the Ecumenical Temple
  1336 | Temple   | Became a worshipper of Cheibriados the Contemplative
  1358 | D:5      | Noticed a centaur
  1371 | D:5      | Noticed Grinder
  1376 | D:5      | HP: 1/33 [orc/+0 dagger (4)]
  1377 | D:5      | Succumbed to a scorpion's poison

Illustrated notes

Levels and vault maps discovered:
D:1:      dpeg_arrival_round_b, layout_loops_corners,
          ebering_ecumenical_altar_sacrificial, minmay_misc_feat_encased
D:2:      layout_basic
D:3:      layout_loops_cross, mainiacjoe_overflow_catwalk_spiral
D:4:      minmay_skewed_foursquare, layout_basic, minmay_parallelograms,
          minmay_snake_closets
D:5:      layout_loops_cross, nicolae_overflow_crystal_walls,
          minmay_temple_entry_mist, enter_ossuary_2, uniq_grinder,
          uniq_eustachio
Temple:   nicolae_temple_bog_church

Skill      XL: |  1  2  3  4 |
---------------+-------------+-----
Unarmed Combat | 2 3 5 |  5.4
Fighting       | |  1.0
Dodging        | |  2.3
Stealth        | |  1.3
Evocations     | |  3.2

Action                     |  1- 3 |  4- 6 || total
---------------------------+-------+-------++-------
  Melee: Unarmed           |    62 |    39 ||   101
         Constrict         |    14 |    10 ||    24
         Tentacles         |    12 |    10 ||    22
         Punch             |     3 |       ||     3
  Evoke: Wand              |       |     7 ||     7
    Use: Potion            |     2 |     1 ||     3
   Stab: Sleeping          |     9 |     1 ||    10
 Armour: Skin              |    13 |     7 ||    20
  Dodge: Dodged            |    31 |    49 ||    80

Table legend: (Time is in decaauts)
 A = Elapsed time spent in this place.
 B = Non-inter-level travel time spent in this place.
 C = Inter-level travel time spent in this place.
 D = Time resting spent in this place.
 E = Time spent auto-exploring this place.
 F = Levels seen in this place.
 G = Mean time per level.
                   A        B        C        D        E       F      G
               +--------+--------+--------+--------+--------+-----+--------+
         Total |   1376 |   1308 |     68 |     85 |    924 |   6 |  229.3 |
       Dungeon |   1358 |   1300 |     58 |     85 |    924 |   5 |  271.6 |
        Temple |     18 |      8 |     10 |      0 |      0 |   1 |   18.0 |
               +--------+--------+--------+--------+--------+-----+--------+

Top non-repeatable levels by time:
     D:3: 520 daAuts
     D:1: 446 daAuts
     D:5: 290 daAuts
     D:4: 64 daAuts
     D:2: 36 daAuts
  Temple: 18 daAuts
